 Dungeon Crawl Stone Soup version 0.18.1-50-g88ac8fd (webtiles) character file.

109 Larett the Covert (level 4, 0/22 HPs)
             Began as a Spriggan Assassin on Oct 9, 2016.
             Killed from afar by Natasha (8 damage)
             ... with a magic dart
             ... on level 3 of the Dungeon.
             The game lasted 00:06:49 (2494 turns).

Larett the Covert (Spriggan Assassin)               Turns: 2494, Time: 00:06:50

Health: 0/22       AC:  3    Str:  7    XL:     4   Next: 60%
Magic:  5/5        EV: 19    Int: 12    God:
Gold:   139        SH:  0    Dex: 18    Spells: 0 memorised, 3 levels left

rFire  . . .     SeeInvis +     a - +0 blowgun
rCold  . . .     Gourm    .     c - +0 robe
rNeg   . . .     Faith    .     (shield restricted)
rPois  .         Spirit   .     (helmet restricted)
rElec  .         Dismiss  .     u - +0 cloak (curse)
rCorr  .         Reflect  .     (gloves unavailable)
SustAt .         Harm     .     (boots unavailable)
MR     .....                    q - amulet of inaccuracy (curse)
Stlth  +++++.....               (no ring)
                                (no ring)

@: very quick, not resistant to hostile enchantments, quite stealthy
A: unfitting armour, see invisible, herbivore 3, speed 3, slow metabolism 2
a: no special abilities


You were on level 3 of the Dungeon.
You were not hungry.

You visited 1 branch of the dungeon, and saw 3 of its levels.

You collected 139 gold pieces.

Inventory:

Hand Weapons
 a - a +0 blowgun (weapon)
 b - a +2 quarterstaff of chaos
 t - a +2 dagger
 v - a +1 mace of protection
Missiles
 e - 18 poisoned needles (quivered)
 f - 2 curare-tipped needles
 i - 4 tomahawks of returning
 o - 74 stones
 s - 18 arrows
Armour
 c - a +0 robe (worn)
 d - a +0 cloak
 u - a cursed +0 cloak (worn)
Jewellery
 k - an uncursed ring of wizardry {unknown}
 q - a cursed amulet of inaccuracy (around neck)
Scrolls
 l - a scroll of enchant armour
 p - a scroll of immolation
 w - a scroll of teleportation
 y - a scroll of fog
Potions
 h - a potion of brilliance {unknown}
 j - a potion of ambrosia {unknown}
 m - a potion of resistance {unknown}
 n - a potion of flight {unknown}
 r - 3 potions of curing {unknown}
 x - a potion of magic {unknown}
 z - a potion of degeneration {unknown}
Comestibles
 g - 5 bread rations


   Skills:
 - Level 1.5 Fighting
 - Level 2.1 Short Blades
 - Level 2.0 Throwing
 + Level 3.5 Dodging
 - Level 8.5 Stealth


You had 3 spell levels left.
You didn't know any spells.

Dungeon Overview and Level Annotations

Branches:
Dungeon (3/15)

Altars:
Fedhas
The Shining One

Annotations:
D:3 Natasha


Innate Abilities, Weirdness & Mutations

You are tiny and cannot use many weapons and most armour.
You have supernaturally acute eyesight.
You are a herbivore.
You cover ground extremely quickly.
You need consume almost no food.


Message History

a hand axe; a leather armour; an orc skeleton Firing (i - inventory. (,) - cycle):
e - 21 poisoned needles (quivered)
Press: ? - help, Shift-Dir - straight line, f/p - Natasha
Aim: Natasha (lightly wounded, poisoned)
You shoot a poisoned needle.
The poisoned needle barely misses Natasha.
Firing (i - inventory. (,) - cycle):
e - 20 poisoned needles (quivered)
Press: ? - help, Shift-Dir - straight line, f/p - Natasha
Aim: Natasha (moderately wounded, poisoned)
You shoot a poisoned needle. The poisoned needle hits Natasha.
Natasha is moderately wounded.
Natasha looks more healthy.
Firing (i - inventory. (,) - cycle):
e - 19 poisoned needles (quivered)
Press: ? - help, Shift-Dir - straight line, f/p - Natasha
Aim: Natasha (moderately wounded)
You shoot a poisoned needle.
The poisoned needle barely misses Natasha.
Natasha casts a spell at you. The magic dart hits you!
You die...

####### ##.....##
##.......##
#.........#
#.........#
#.........#
#...h.....#
#.i.......#
#.........#
#.........#
#....)....#
#.........#
#.........#
##...(....###
####
##.....#...###..#
###.#####.##...##


You could see Natasha.

Vanquished Creatures
  Crazy Yiuf (D:2)
  3 adders
  3 worms
  A dart slug (D:1)
  A giant gecko (D:1)
  An orc (D:3)
  A ball python (D:2)
  4 giant cockroaches
  4 goblins
  4 hobgoblins
  3 bats
  4 giant newts
  10 kobolds
  5 rats
45 creatures vanquished.

Notes
Turn   | Place    | Note
--------------------------------------------------------------
     0 | D:1      | Larett the Spriggan Assassin began the quest for the Orb.
     0 | D:1      | Reached XP level 1. HP: 10/10 MP: 2/2
    13 | D:1      | Reached skill level 6 in Stealth
   344 | D:1      | HP: 2/10 [goblin/club (5)]
   637 | D:1      | Reached XP level 2. HP: 14/14 MP: 3/3
   714 | D:1      | Reached skill level 7 in Stealth
  1175 | D:2      | Reached XP level 3. HP: 16/18 MP: 4/4
  1352 | D:2      | Noticed Crazy Yiuf
  1358 | D:2      | Killed Crazy Yiuf
  1358 | D:2      | Reached skill level 8 in Stealth
  1434 | D:2      | Reached XP level 4. HP: 22/22 MP: 5/5
  1465 | D:2      | Reached skill level 2 in Dodging
  1490 | D:2      | Found a glowing golden altar of the Shining One.
  1673 | D:2      | Found a blossoming altar of Fedhas.
  2078 | D:3      | Reached skill level 3 in Dodging
  2391 | D:3      | Found a glowing golden altar of the Shining One.
  2414 | D:3      | Noticed Natasha
  2494 | D:3      | Killed from afar by Natasha

Skill      XL: |  1  2  3  4 |
---------------+-------------+-----
Stealth        | 6 7 8 |  8.5
Dodging        | 3 |  3.5
Fighting       | |  1.5
Short Blades   | |  2.1
Throwing       | |  2.0

Action                   |  1- 3 |  4- 6 || total
-------------------------+-------+-------++-------
Melee: Dagger            |    65 |       ||    65
       Quarterstaff      |     1 |    48 ||    49
 Fire: Blowgun           |     1 |    21 ||    22
  Use: Scroll            |     5 |     1 ||     6
 Stab: Sleeping          |    15 |     7 ||    22
       Distracted        |     1 |       ||     1
Armor: Robe              |     4 |     4 ||     8
Dodge: Dodged            |    40 |    49 ||    89
